 Dungeon Crawl Stone Soup version 0.27-a0-1186-g8b4daa1eef (webtiles) character file.

Game seed: 10955998300001149234

15 karrick the Caller (level 2, -1/20 HPs)
             Began as a Gnoll Summoner on May 19, 2021.
             Slain by an adder (2 damage)
             ... on level 2 of the Dungeon.
             The game lasted 00:01:37 (1450 turns).

karrick the Caller (Gnoll Summoner)                 Turns: 1450, Time: 00:01:38

Health: -1/20      AC:  2    Str: 13    XL:     2   Next: 50%
Magic:  4/7        EV: 13    Int: 14    God:
Gold:   20         SH:  0    Dex: 12    Spells: 9/10 levels left

rFire    . . .     SeeInvis .   b - +0 dagger
rCold    . . .     Faith    .   (no shield)
rNeg     . . .     Spirit   .   a - +0 robe
rPois    .         Reflect  .   (no helmet)
rElec    .         Harm     .   (no cloak)
rCorr    .         Rampage  .   (no gloves)
Will     .....                  (no boots)
Stlth    +.........             (no amulet)
HPRegen  0.06/turn              d - +6 ring of strength
MPRegen  0.10/turn              (no ring)

@: lethally poisoned (-1 -> -5), silenced
A: fangs 1, strong nose, distributed training
a: no special abilities


You were on level 2 of the Dungeon.
You visited 1 branch of the dungeon, and saw 2 of its levels.

You collected 20 gold pieces.

Inventory:

Hand Weapons
 b - a +0 dagger (weapon)
Armour
 a - a +0 robe (worn)
Jewellery
 d - a +6 ring of strength (left hand)
 g - an amulet of magic regeneration
Scrolls
 f - a scroll of teleportation {unknown}


   Skills:
 + Level 0.4 Fighting
 + Level 0.4 Short Blades
 + Level 0.4 Long Blades
 + Level 0.4 Axes
 + Level 0.4 Maces & Flails
 + Level 0.4 Polearms
 + Level 0.4 Staves
 + Level 0.4 Slings
 + Level 0.4 Bows
 + Level 0.4 Crossbows
 + Level 0.4 Throwing
 + Level 0.4 Armour
 + Level 4.5 Dodging
 + Level 4.1 Stealth
 + Level 0.4 Shields
 + Level 0.4 Unarmed Combat
 + Level 4.9 Spellcasting
 + Level 0.2 Conjurations
 + Level 0.2 Hexes
 + Level 7.0 Summonings
 + Level 0.2 Necromancy
 + Level 0.2 Translocations
 + Level 0.2 Transmutations
 + Level 0.2 Fire Magic
 + Level 0.2 Ice Magic
 + Level 0.2 Air Magic
 + Level 0.2 Earth Magic
 + Level 0.2 Poison Magic
 + Level 0.5 Invocations
 + Level 0.4 Evocations


You had 9 spell levels left.
You knew the following spells:

 Your Spells              Type           Power      Damage    Failure   Level
a - Summon Small Mammal   Summ           92%        N/A       1%          1

Your spell library contained the following spells:

 Spells                   Type           Power      Damage    Failure   Level
 Call Imp                 Summ           23%        N/A       1%          2
 Call Canine Familiar     Summ           23%        N/A       3%          3
 Summon Guardian Golem    Hex/Summ       13%        N/A       12%         3
 Summon Ice Beast         Ice/Summ       13%        N/A       36%         4
 Summon Lightning Spire   Summ/Air       13%        N/A       36%         4


Dungeon Overview and Level Annotations

Branches:
Dungeon (2/15)

Altars:

Shops:
D:1 !:*


Innate Abilities, Weirdness & Mutations

You have very sharp teeth.
Your uncanny sense of smell can sniff out nearby items.
Your experience applies equally to all skills.


Message History

Unknown command.
You closely miss the adder.
The adder is moderately wounded.
You feel sick. Something barely misses your quokka.
Something completely misses your quokka.
Your quokka closely misses the adder.
The adder bites you.
* * * LOW HITPOINT WARNING * * *
Unknown command.
Casting: Summon Small Mammal (safe; 1% risk of failure)
Confirm with . or Enter, or press ? or * to list all spells.
* * * LOW HITPOINT WARNING * * *
You feel sick. Something barely misses your quokka.
Something closely misses your quokka. Something misses your quokka.
The adder barely misses you.
Your quokka barely misses the adder.
Unknown command.
It was a potion of curing.
You feel better. Something barely misses your quokka.
Something closely misses your quokka. The adder closely misses you.
Something barely misses your quokka.
Your quokka misses the adder.
Your rat completely misses the adder.
Something barely misses your quokka. Something misses your quokka.
Your quokka bites the bat.
The adder completely misses you.
Your rat closely misses the adder.
Casting: Summon Small Mammal (safe; 1% risk of failure)
Confirm with . or Enter, or press ? or * to list all spells.
The bat misses your rat. x2; Your quokka closely misses the bat.
The bat hits your rat. The adder bites you.
* * * LOW HITPOINT WARNING * * *
You are lethally poisoned!
The adder poisons you!
Your quokka barely misses the bat.
Your rat bites the bat.
The bat dies!
* * * LOW HITPOINT WARNING * * *
You feel sick.
As you read the scroll labelled ZEQEAK WIWIA, it crumbles to dust.
A profound silence engulfs you.
It was a scroll of silence.
* * * LOW HITPOINT WARNING * * *
You feel sick. The adder barely misses you.
Your quokka closely misses the adder.
Your rat misses the adder. The adder bites you.
You die...

..##########.# .##
#.# ## #.# # #.#
#.# # ##.####
##.#..>..# .
#........####....
)........r@)......
##......rS####.#..
##.#...r.#
#####†### ....
#..... #.##. #. #.
∆ # ..


You could see an adder (ally target), 2 friendly quokkas and a friendly rat
(summoned).

Vanquished Creatures
  A ball python (D:1)
  An endoplasm (D:2)
  2 goblins
  2 hobgoblins (D:2)
  A bat (D:1)
  2 frilled lizards (D:1)
  2 rats (D:1)
11 creatures vanquished.

Vanquished Creatures (collateral kills)
  2 bats
  A frilled lizard (D:1)
  A kobold (D:1)
4 creatures vanquished.

Grand Total: 15 creatures vanquished

Notes
Turn   | Place    | Note
-------+----------+-------------------------------------------
     0 | D:1      | karrick the Gnoll Summoner began the quest for the Orb.
     0 | D:1      | Reached XP level 1. HP: 13/13 MP: 6/6
   353 | D:1      | Found a faded altar of an unknown god.
   712 | D:1      | Found Acvonwoi's Distillery.
   748 | D:1      | Found Puanikki's Assorted Antiques.
   759 | D:1      | Reached XP level 2. HP: 19/19 MP: 7/7
   765 | D:1      | Found Ramitupt's Book Shoppe.
  1450 | D:2      | HP: 1/20 [poisoned by an adder]
  1450 | D:2      | Slain by an adder

Illustrated notes

Levels and vault maps discovered:
D:1:      dpeg_arrival_chambers_temple_mockup, layout_basic, serial_shops,
          shop_fountains, shop_statue, nicolae_shop_competitors_out_of_business,
          hellmonk_ecumenical_altar_arch_garden, skrybe_limestone_x
D:2:      layout_loops_corners

Action                   || total
-------------------------++-------
Melee: Dagger            ||    52
       Unarmed           ||     6
       Bite              ||     4
 Cast: Summon Small Mamm ||     9
  Use: Scroll            ||     1
       Potion            ||     1
 Stab: Sleeping          ||     3
Armor: Robe              ||    12
Dodge: Dodged            ||    47

Table legend: (Time is in decaauts)
 A = Elapsed time spent in this place.
 B = Non-inter-level travel time spent in this place.
 C = Inter-level travel time spent in this place.
 D = Time resting spent in this place.
 E = Time spent auto-exploring this place.
 F = Levels seen in this place.
 G = Mean time per level.
                   A        B        C        D        E       F      G
               +--------+--------+--------+--------+--------+-----+--------+
         Total |   1448 |   1289 |    159 |      0 |   1144 |   2 |  724.0 |
       Dungeon |   1448 |   1289 |    159 |      0 |   1144 |   2 |  724.0 |
               +--------+--------+--------+--------+--------+-----+--------+

Top non-repeatable levels by time:
     D:1: 1357 daAuts
     D:2: 91 daAuts
